 Dungeon Crawl Stone Soup version 0.24-a0-183-g8902462 (webtiles) character file.

Game seed: 4943952021901777250

60 Inarius the Sneak (level 3, 0/28 HPs)
             Began as a Demonspawn Assassin on Mar 15, 2019.
             Slain by a scorpion (6 damage)
             ... on level 3 of the Dungeon.
             The game lasted 00:03:13 (2558 turns).

Inarius the Sneak (Demonspawn Assassin)             Turns: 2558, Time: 00:03:14

Health: 0/28       AC:  4    Str: 11    XL:     3   Next: 80%
Magic:  3/3        EV: 12    Int: 12    God:
Gold:   150        SH:  0    Dex: 15    Spells: 2/2 levels left

rFire    + . .     SeeInvis .   a - +2 dagger
rCold    . . .     Gourm    .   (no shield)
rNeg     . . .     Faith    .   c - +0 robe
rPois    +         Spirit   .   (no helmet)
rElec    .         Reflect  .   d - +1 cloak
rCorr    .         Harm     .   (no gloves)
MR       .....                  (no boots)
Stlth    +++.......             (no amulet)
HPRegen  0.09/turn              h - ring of protection from fire
MPRegen  0.08/turn              (no ring)

@: no status effects
A: talons 1, poison resistance, powered by pain 1
a: no special abilities


You were on level 3 of the Dungeon.
You were not hungry.

You visited 1 branch of the dungeon, and saw 3 of its levels.

You collected 150 gold pieces.

Inventory:

Hand Weapons
 a - a +2 dagger (weapon)
 b - a +0 blowgun
Missiles
 e - 8 poisoned needles
 f - 2 curare-tipped needles
 l - 6 javelins (quivered)
Armour
 c - a +0 robe (worn)
 d - a +1 cloak (worn)
 n - a +0 large shield
Jewellery
 h - a ring of protection from fire (left hand)
Wands
 q - a wand of random effects (18)
Comestibles
 g - 6 rations
 k - 3 chunks of flesh


   Skills:
 + Level 2.4 Fighting
 + Level 2.3 Short Blades
 + Level 2.1 Throwing
 + Level 1.1 Dodging
 + Level 4.4 Stealth


You had 2 spell levels left.
You didn't know any spells.
Your spell library was empty.

Dungeon Overview and Level Annotations

Branches:
Dungeon (3/15)

Altars:
Dithmenos
Trog


Innate Abilities, Weirdness & Mutations

You sometimes gain a little power by taking damage.
You have sharp toenails.
Your system is resistant to poisons. (rPois)


Message History

You hit the scorpion but do no damage. You claw the scorpion.
The scorpion is moderately wounded.
The scorpion stings you.
You closely miss the scorpion.
You claw the scorpion, but do no damage.
The scorpion is moderately wounded.
The scorpion stings you.
* * * LOW HITPOINT WARNING * * *
You hit the scorpion but do no damage.
The scorpion is moderately wounded.
The scorpion stings you but does no damage.
You closely miss the scorpion.
You claw the scorpion, but do no damage.
The scorpion is moderately wounded.
The scorpion stings you.
* * * LOW HITPOINT WARNING * * *
You hit the scorpion but do no damage.
The scorpion is moderately wounded.
The scorpion stings you.
You die...

.# .# .#
.# .#
########.#
#........#
#.#####s##
#.# #.@#
#.# ##.#
#.# #.#
#.# ...
#.# #..#
#.# ....
#.# ....♣
#.# ♣...♣
#.#


You could see a scorpion.

Vanquished Creatures
  An adder (D:2)
  An ooze (D:2)
  2 dart slugs (D:1)
  A leopard gecko (D:1)
  4 giant cockroaches
  3 goblins
  8 hobgoblins
  4 jackals (D:2)
  2 frilled lizards (D:1)
  5 kobolds
  7 rats
38 creatures vanquished.

Notes
Turn   | Place    | Note
-------+----------+-------------------------------------------
     0 | D:1      | Inarius the Demonspawn Assassin began the quest for the
                  | Orb.
     0 | D:1      | Reached XP level 1. HP: 16/16 MP: 1/1
   305 | D:1      | Gained mutation: You sometimes gain a little power by
                  | taking damage. [demonic ancestry]
   305 | D:1      | Reached XP level 2. HP: 19/22 MP: 2/2
   396 | D:1      | Reached skill level 4 in Stealth
  1216 | D:2      | Reached skill level 1 in Dodging
  1272 | D:2      | Reached XP level 3. HP: 15/27 MP: 3/3
  2240 | D:2      | Found a shadowy altar of Dithmenos.
  2258 | D:2      | Found a bloodstained altar of Trog.
  2456 | D:3      | Noticed a scorpion
  2511 | D:2      | Gained mutation: You have sharp toenails. [potion of
                  | mutation]
  2511 | D:2      | Gained mutation: Your system is resistant to poisons.
                  | (rPois) [potion of mutation]
  2558 | D:3      | Slain by a scorpion

Levels and vault maps discovered:
D:1:      eino_arrival_water_star, layout_basic, serial_park_tiny_pond
D:2:      layout_basic, amethyst_overflow_temple_binary, first_ration
D:3:      layout_loops_ring, uniq_crazy_yiuf_cottage

Skill      XL: |  1  2 |
---------------+-------+-----
Throwing       | 2 |  2.1
Stealth        | 4 |  4.4
Short Blades   | 2 |  2.3
Dodging        | 1 |  1.1
Fighting       | |  2.4

Action                   || total
-------------------------++-------
Melee: Dagger            ||   130
       Kick              ||     3
Throw: Javelin           ||     2
  Use: Scroll            ||     8
       Potion            ||     4
 Stab: Sleeping          ||     4
  Eat: Chunk             ||     5
Armor: Robe              ||    28
Dodge: Dodged            ||    76

Table legend:
 A = Non-vault XP
 B = Vault XP
 C = Vault XP percentage of total XP
 D = Non-vault monster count
 E = Vault monster count
 F = Vault count percentage of total count
                 A         B        C        D         E       F
            +---------+---------+-------+---------+---------+-------
      Total |      86 |       0 |   0.0 |      38 |       0 |   0.0
            +---------+---------+-------+---------+---------+-------
        D:1 |      33 |       0 |   0.0 |      18 |       0 |   0.0
        D:2 |      44 |       0 |   0.0 |      15 |       0 |   0.0
        D:3 |       9 |       0 |   0.0 |       5 |       0 |   0.0
            +---------+---------+-------+---------+---------+-------
